 Dungeon Crawl Stone Soup version 0.30-a0-170-g85af917532 (webtiles) character file.

Game seed: 17673380585310153901

222 qw the Chopper (level 5, -1/33 HPs)
             Began as a Gargoyle Fighter on Sept 30, 2022.
             Slain by a bullfrog (3 damage)
             ... in a sewer.
             The game lasted 00:01:12 (2925 turns).

qw the Chopper (Gargoyle Fighter)                   Turns: 2925, Time: 00:01:13

Health: -1/33      AC: 17    Str: 21    XL:     5   Next: 99%
Magic:  5/5        EV:  2    Int:  9    God:
Gold:   118        SH:  4    Dex:  9    Spells: 4/4 levels left

rFire   . . .      SeeInvis .    Y - +0 war axe
rCold   . . .      Faith    .    c - +0 buckler
rNeg    + . .      Spirit   .    h - +0 plate armour
rPois   inf        Reflect  .    i - +1 helmet
rElec   +          Harm     .    (no cloak)
rCorr   .          Rampage  .    (no gloves)
Will    .....                    (no boots)
Stlth   ..........               (no amulet)
HPRegen 0.11/turn                (no ring)
MPRegen 0.09/turn                (no ring)

@: constricted, very slow
A: sickness immunity, AC +4, negative energy resistance 1, electricity
resistance, torment resistance 1, petrification resistance
a: no special abilities


You were in a sewer.
You visited 1 branch of the dungeon, and saw 3 of its levels.
You also visited: Sewer.

You collected 118 gold pieces.


Innate Abilities, Weirdness & Mutations

You are immune to sickness and miasma.
Your stone body is resilient. (AC +4)
You are immune to poison.
You resist negative energy. (rN+)
You are resistant to electric shocks. (rElec)
You are resistant to unholy torment.
You are immune to petrification.


   Skills:
 - Level 4.0 Fighting
 + Level 5.1 Axes
 - Level 3.2 Armour
 - Level 3.2 Shields


You had 4 spell levels left.
You didn't know any spells.
Your spell library was empty.

Inventory:

Hand Weapons
 g - a +0 mace of draining
 Y - a +0 war axe (weapon)
Armour
 c - a +0 buckler (worn)
 h - a +0 plate armour (worn)
 i - a +1 helmet (worn)
Scrolls
 a - 2 scrolls of identify
 b - a scroll of summoning {unknown}
 l - a scroll of noise {unknown}
Potions
 d - a potion of might
 e - a potion of flight {unknown}
 f - a potion of curing {unknown}
 j - 2 potions of attraction {unknown}
 k - a potion of ambrosia {unknown}
 m - a potion of resistance {unknown}
 n - a potion of heal wounds {unknown}

Dungeon Overview and Level Annotations

Branches:
Dungeon (3/15)              Sewer (1/1)

Altars:


Message History

The ball python bites you but does no damage.
The ball python constricts you.
The ball python bites you but does no damage.
You block the adder's attack.
You closely miss the bullfrog. x2; You miss the adder.
You hit the ball python.
You kill the ball python!
You hit the adder but do no damage. You hit the ball python.
The bullfrog barely misses you. The bullfrog hits you.
The adder barely misses you.
The ball python bites you but does no damage.
The ball python grabs you. The ball python constricts you.
The bullfrog hits you but does no damage.
You block the bullfrog's attack.
The adder bites you but does no damage. x2
Your unstable footing causes you to fumble your attack.
The bullfrog hits you. You block the bullfrog's attack.
The ball python bites you but does no damage.
The ball python constricts you.
The adder bites you but does no damage. x2
The bullfrog hits you. x2
The ball python bites you but does no damage.
The ball python constricts you.
The adder bites you but does no damage. x2
You closely miss the bullfrog. You barely miss the ball python.
You closely miss the bullfrog. You slash the adder! You barely miss the adder.
The bullfrog hits you but does no damage. x2
The adder bites you but does no damage.
The ball python bites you but does no damage.
The ball python constricts you. The adder bites you but does no damage.
The bullfrog hits you but does no damage. x2
The adder bites you but does no damage.
You closely miss the adder.
The adder is severely wounded.
You barely miss the bullfrog. You hit the ball python.
You kill the ball python!
You barely miss the adder. You barely miss the bullfrog. The bullfrog hits you.
The bullfrog releases a deep croak.
The bullfrog hits you but does no damage.
The ball python barely misses you. The ball python grabs you.
The ball python constricts you. The adder bites you but does no damage.
The bullfrog hits you.
You die...

~~~~~~#
#~~~~~~#
~~~~~~#
#~~~~~~#
#.~..~#
#~~~~#~#
.....~#
#~~~#~~#
~~~.~##
#~~~~.~#
~~~~~~#
#~~~~.~#
~~~~~~#
#~~~~~~#
~~~~~~#
#~~~%#~#
~~~~~~#
#~~S@F~#
~~~~~~#
#~~FSS~#
~~~~~~#
#~~~S~~#
~~~~~~#
#~~#~~~#
..~~..#
##~.~~.#
......#
......#
.....##
#......#
.....#
+......#
....##


You could see 2 bullfrogs, 2 adders and 2 ball pythons.

Vanquished Creatures
  7 adders
  6 river rats (Sewer)
  2 worms (D:2)
  3 dart slugs
  16 ball pythons
  3 endoplasms
  6 giant cockroaches
  5 hobgoblins
  2 jackals (D:1)
  3 quokkas
  3 bats
  3 frilled lizards
  8 goblins
  10 kobolds
  25 rats
102 creatures vanquished.

Notes
Turn   | Place    | Note
-------+----------+-------------------------------------------
     0 | D:1      | qw the Gargoyle Fighter began the quest for the Orb.
     0 | D:1      | Reached XP level 1. HP: 14/14 MP: 1/1
     0 | D:1      | 0 ||| qw: Version: 0.2-a-13-gfc7b4b4
     0 | D:1      | 0 ||| qw: Game counter: 1662
     0 | D:1      | 0 ||| qw: Always use a shield: true
     0 | D:1      | 0 ||| qw: God list: Okawaru
     0 | D:1      | 0 ||| qw: Allow faded altars: false
     0 | D:1      | 0 ||| qw: Do Orc after D:15 true
     0 | D:1      | 0 ||| qw: Do second Lair branch before Depths: true
     0 | D:1      | 0 ||| qw: Lair rune preference: random
     0 | D:1      | 0 ||| qw: Plans: Normal, Zot:1-4, God:TSO, Crypt, Tomb,
                  | Pan, Slime:5, Hells, Abyss, Orb
     0 | D:1      | 0 ||| PLANNING D:1-11
    16 | D:1      | 16 ||| Stepping randomly (stuck).
    17 | D:1      | 17 ||| Stepping randomly (stuck).
    18 | D:1      | 18 ||| Stepping randomly (stuck).
    19 | D:1      | 19 ||| Stepping randomly (stuck).
    21 | D:1      | 21 ||| Stepping randomly (stuck).
    22 | D:1      | 22 ||| Stepping randomly (stuck).
    23 | D:1      | 23 ||| Stepping randomly (stuck).
    25 | D:1      | 25 ||| Stepping randomly (stuck).
    26 | D:1      | 26 ||| Stepping randomly (stuck).
    39 | D:1      | 39 ||| Stepping randomly (stuck).
   164 | D:1      | Found a faded altar of an unknown god.
   185 | D:1      | 185 ||| Stepping ~*~*~tactically~*~*~ (stealth).
   195 | D:1      | Reached skill level 2 in Axes
   219 | D:1      | 219 ||| Stepping ~*~*~tactically~*~*~ (stealth).
   224 | D:1      | Reached XP level 2. HP: 17/19 MP: 2/2
   326 | D:1      | 326 ||| Stepping ~*~*~tactically~*~*~ (stealth).
   371 | D:1      | 371 ||| Stepping ~*~*~tactically~*~*~ (stealth).
   381 | D:1      | 381 ||| DROPPING +0 whip.
   399 | D:1      | Reached skill level 3 in Axes
   475 | D:1      | 475 ||| Stepping ~*~*~tactically~*~*~ (stealth).
   479 | D:1      | 479 ||| Stepping ~*~*~tactically~*~*~ (stealth).
   517 | D:1      | Reached XP level 3. HP: 23/23 MP: 3/3
   836 | D:1      | 836 ||| READING 2 scrolls labelled PYPNUL UL WEF.
   837 | D:1      | 837 ||| READING scroll labelled RUTAUTWE HUFIU.
   865 | D:1      | 865 ||| Stepping ~*~*~tactically~*~*~ (hiding).
   932 | D:2      | 932 ||| Stepping ~*~*~tactically~*~*~ (hiding).
  1069 | D:2      | 1069 ||| Stepping ~*~*~tactically~*~*~ (stealth).
  1216 | D:2      | 1216 ||| Stepping ~*~*~tactically~*~*~ (stealth).
  1222 | D:2      | 1222 ||| Stepping ~*~*~tactically~*~*~ (stealth).
  1588 | D:2      | Reached XP level 4. HP: 26/28 MP: 4/4
  1688 | D:2      | Reached skill level 4 in Axes
  2096 | D:2      | 2096 ||| Stepping ~*~*~tactically~*~*~ (stealth).
  2161 | D:2      | 2161 ||| UPGRADING to +0 plate armour.
  2171 | D:2      | 2171 ||| DROPPING +0 scale mail.
  2172 | D:2      | 2172 ||| UPGRADING to +1 helmet.
  2177 | D:2      | 2177 ||| READING scroll labelled QAKKOPIELE.
  2195 | D:3      | 2195 ||| PLANNING SEWER
  2230 | D:3      | Found a glowing drain.
  2245 | Sewer    | Entered a sewer
  2336 | Sewer    | Reached XP level 5. HP: 32/32 MP: 5/5
  2385 | Sewer    | 2385 ||| Stepping ~*~*~tactically~*~*~ (water).
  2579 | Sewer    | Reached skill level 5 in Axes
  2923 | Sewer    | HP: 8/33 [bullfrog (4)]
  2925 | Sewer    | HP: 2/33 [bullfrog (4)]
  2925 | Sewer    | Slain by a bullfrog

Levels and vault maps discovered:
D:1:      evilmike_arrival_home_sweet_home, layout_loops_ring,
          ebering_ecumenical_altar_webs, minmay_misc_feat_pillars, st_stairs_7
D:2:      layout_loops_corners, minmay_cut_off
D:3:      layout_basic, gup_sewer_entry_pipe, gammafunk_ghost_nasty_kobolds,
          kennysheep_generic_room_3
Sewer:    sewer_minmay_w

Skill      XL: |  1  2  3  4  5 |
---------------+----------------+-----
Axes           | 2 3 4 5 |  5.1
Fighting       | 4 |  4.0
Armour         | |  3.2
Shields        | |  3.2

Action                   |  1- 3 |  4- 6 || total
-------------------------+-------+-------++-------
Melee: War axe           |   114 |   134 ||   248
  Use: Scroll            |     2 |     1 ||     3
Armor: Scale mail        |    70 |     6 ||    76
       Plate armour      |       |   121 ||   121
Dodge: Dodged            |    46 |    48 ||    94
Block: Buckler           |    16 |    30 ||    46

Table legend:
 A = Non-vault XP
 B = Vault XP
 C = Vault XP percentage of total XP
 D = Non-vault monster count
 E = Vault monster count
 F = Vault count percentage of total count
                 A         B        C        D         E       F
            +---------+---------+-------+---------+---------+-------
      Total |      99 |     220 |  69.0 |      48 |      54 |  52.9
            +---------+---------+-------+---------+---------+-------
        D:1 |      38 |       3 |   7.3 |      21 |       2 |   8.7
        D:2 |      60 |      23 |  27.7 |      26 |       3 |  10.3
        D:3 |       1 |      10 |  90.9 |       1 |       5 |  83.3
      Sewer |       0 |     184 | 100.0 |       0 |      44 | 100.0
            +---------+---------+-------+---------+---------+-------
